AoeStats
← sovietico2903

Arabia

509432289Analyzed
4v4 RM · 7d ago on Sep 26, 2026· 51m 50s· 8 players
Game mode
Random Map
Map size
Large (8 player)
Population
200
Speed
Normal
Resources
Standard
Victory
Conquest
Starting age
Dark Age
Ending age
Imperial Age
RankedLock teamsTeams togetherTeam positionsShared explorationLock speedFull tech treeHidden civsTurbo modeCheats
Victory
Defeat
🇺🇸 Goths · United States
869
+12
🇪🇸 Bohemians · Spain
851
+13
🇹🇷 Franks · Türkiye
834
+14
🇺🇸 Saxons · United States
825
+14
🇦🇷 Maya · Argentina
1014
-69
🇦🇷 Ethiopians · Argentina
770
-24
🇦🇷 Sicilians · Argentina
688
-23
🇦🇷 Cumans · Argentina
661
-12
jcarroll10
9:47 Feudal Age
10:51 Double-Bit Axe
11:18 Arson
10:57 Man-at-Arms
18:22 Fletching
18:19 Town Watch
25:33 Castle Age
23:20 Loom
24:11 Arson
25:45 Forging
25:41 Long Swordsman
30:13 Iron Casting
41:36 Gambesons
41:52 Squires
42:16 Bow Saw
41:51 Horse Collar
50:51 Wheelbarrow
52:56 Imperial Age
51:52 Scale Mail Armor
51:50 Bodkin Arrow
52:13 Hand Cart
51:58 Town Patrol
Felch Baby
13:05 Feudal Age
13:40 Horse Collar
13:54 Double-Bit Axe
14:57 Gold Mining
21:02 Castle Age
19:56 Forging
23:01 Wheelbarrow
22:30 Squires
22:46 Bow Saw
24:58 Scale Mail Armor
25:38 Anarchy
30:26 Hand Cart
31:28 Iron Casting
33:36 Chain Mail Armor
35:18 Loom
50:09 Town Watch
TrakaTra
3:08 Loom
11:48 Feudal Age
16:44 Castle Age
14:38 Double-Bit Axe
17:30 Wheelbarrow
16:39 Horse Collar
22:24 Hand Cart
23:21 Bow Saw
27:10 Heavy Plow
27:18 Town Watch
34:22 Imperial Age
34:32 Wagenburg Tactics
35:04 Arrowslits
35:51 Forging
35:32 Fletching
35:49 Scale Barding Armor
35:45 Padded Archer Armor
35:46 Scale Mail Armor
38:09 Town Patrol
38:40 Chain Barding Armor
38:56 Iron Casting
38:17 Bodkin Arrow
38:45 Ballistics
40:16 Hussite Reforms
40:29 Hussite Reforms
41:47 Chemistry
41:28 Squires
41:14 Arson
40:49 Pikeman
43:17 Two-Man Saw
43:49 Blast Furnace
42:50 Bracer
43:05 Leather Archer Armor
43:07 Chain Mail Armor
42:52 Halberdier
45:20 Coinage
46:43 Ring Archer Armor
45:46 Houfnice
47:35 Plate Mail Armor
48:27 Bombard Tower
47:59 Guard Tower
48:33 Redemption
48:24 Atonement
49:21 Banking
48:56 Caravan
48:27 Elite Hussite Wagon
DENVER
0:32 Loom
11:28 Feudal Age
13:10 Wheelbarrow
12:23 Double-Bit Axe
18:49 Castle Age
17:08 Stone Mining
17:11 Gold Mining
31:49 Hand Cart
35:02 Imperial Age
32:34 Scale Mail Armor
32:40 Scale Barding Armor
33:34 Husbandry
34:48 Chain Mail Armor
34:54 Chain Barding Armor
34:44 Forging
34:25 Fletching
34:35 Padded Archer Armor
34:57 Ballistics
34:27 Guard Tower
34:48 Fortified Wall
34:33 Murder Holes
34:19 Treadmill Crane
35:32 Masonry
35:27 Cavalier
37:09 Chemistry
35:55 Arrowslits
37:16 Plate Mail Armor
38:26 Iron Casting
39:19 Plate Barding Armor
39:18 Caravan
40:50 Leather Archer Armor
40:31 Bodkin Arrow
41:02 Conscription
41:17 Architecture
41:39 Gold Shaft Mining
41:23 Bow Saw
40:59 Town Watch
43:03 Blast Furnace
42:27 Paladin
45:27 Siege Engineers
46:35 Town Patrol
46:39 Chivalry
46:25 Heavy Scorpion
Schell3481
7:19 Loom
9:54 Feudal Age
11:43 Double-Bit Axe
11:44 Horse Collar
15:07 Gold Mining
15:58 Padded Archer Armor
20:00 Wheelbarrow
20:20 Fletching
22:13 Town Watch
25:38 Castle Age
24:45 Arson
27:54 Gold Shaft Mining
27:10 Stone Mining
28:18 Bow Saw
28:11 Heavy Plow
28:42 Town Patrol
29:45 Thumb Ring
29:05 Crossbowman
33:26 Squires
34:54 Bodkin Arrow
HurtCabbage7450
10:30 Feudal Age
11:45 Man-at-Arms
31:10 Double-Bit Axe
39:33 Castle Age
39:32 Gold Mining
39:32 Stone Mining
40:55 Bow Saw
41:51 Forging
41:32 Fletching
41:42 Padded Archer Armor
44:45 Iron Casting
44:06 Bodkin Arrow
44:26 Leather Archer Armor
47:04 Wheelbarrow
50:58 Ballistics
53:19 Imperial Age
sovietico2903
17:20 Feudal Age
17:55 Horse Collar
18:06 Double-Bit Axe
18:14 Gold Mining
17:48 Man-at-Arms
18:17 Arson
19:45 Wheelbarrow
18:57 Town Watch
21:05 Fletching
21:25 Forging
21:17 Padded Archer Armor
21:18 Scale Mail Armor
28:12 Castle Age
29:03 Heavy Plow
29:17 Bow Saw
29:24 Hand Cart
29:08 Bodkin Arrow
29:49 Iron Casting
29:29 Chain Mail Armor
30:22 Crossbowman
31:07 Thumb Ring
30:27 Long Swordsman
31:07 Squires
32:34 Leather Archer Armor
32:22 Squires
38:29 Fervor
40:06 Ballistics
39:57 Masonry
39:43 Murder Holes
42:47 Imperial Age
41:59 Fortified Wall
41:35 Treadmill Crane
41:53 Stone Mining
44:25 Two-Handed Swordsman
45:46 Crop Rotation
45:55 Stone Shaft Mining
46:24 Two-Man Saw
44:48 Arbalester
46:50 Bracer
49:38 Plate Mail Armor
49:40 Ring Archer Armor
50:11 Blast Furnace
MolarGorilla276
2:05 Loom
11:48 Feudal Age
12:37 Horse Collar
13:09 Double-Bit Axe
14:19 Wheelbarrow
22:50 Gold Mining
22:50 Stone Mining
28:39 Castle Age
28:47 Padded Archer Armor
28:38 Fletching
28:59 Forging
29:42 Bow Saw
37:52 Gold Shaft Mining
37:52 Stone Shaft Mining
37:23 Heavy Plow
43:44 Hand Cart
44:17 Leather Archer Armor
43:58 Bodkin Arrow
44:39 Iron Casting
44:05 Scale Mail Armor
43:37 Crossbowman
43:37 Elite Skirmisher
Connection lost

Rejoining the realm…

Still unreachable

The connection could not be restored.

Session expired

The server has moved on; the page needs a fresh start.